 Dungeon Crawl Stone Soup version 0.20-a0-537-g052e6ba (webtiles) character file.

235 polly the Chopper (level 5, -3/48 HPs)
             Began as a Minotaur Berserker on Jan 28, 2017.
             Was a Priest of Trog.
             Slain by a black bear (4 damage)
             ... on level 4 of the Dungeon.
             The game lasted 00:04:25 (3095 turns).

polly the Chopper (Minotaur Berserker)              Turns: 3095, Time: 00:04:27

Health: -3/48      AC:  4    Str: 23    XL:     5   Next: 76%
Magic:  4/4        EV: 13    Int:  4    God:    Trog [***...]
Gold:   244        SH:  0    Dex:  9    Spells: 4/4 levels left

rFire    . . .     SeeInvis .   a - +0 hand axe
rCold    . . .     Gourm    +   b - +0 animal skin
rNeg     . . .     Faith    .   (no shield)
rPois    .         Spirit   .   (helmet restricted)
rElec    .         Reflect  .   x - +1 cloak
rCorr    .         Harm     .   (no gloves)
MR       .....                  (no boots)
Stlth    +.........             p - amulet of the gourmand
Regen    0.2/turn               (no ring)
                                (no ring)

@: no status effects
A: retaliatory headbutt, horns 2
a: Berserk, Trog's Hand, Burn Spellbooks, Renounce Religion


You were on level 4 of the Dungeon.
You worshipped Trog.
Trog was most pleased with you.
You were not hungry.

You visited 1 branch of the dungeon, and saw 4 of its levels.

You collected 244 gold pieces.

Inventory:

Hand Weapons
 a - a +0 hand axe (weapon)
Armour
 b - a +0 animal skin (worn)
 x - a +1 cloak (worn)
Jewellery
 p - an amulet of the gourmand (around neck)
Wands
 z - a wand of random effects (16/48)
Scrolls
 f - 2 scrolls of identify {unknown}
 g - a scroll of amnesia {unknown}
 i - a scroll of enchant weapon {unknown}
 k - a scroll of immolation {unknown}
 n - 2 scrolls of teleportation {unknown}
 q - a scroll of recharging {unknown}
 t - 2 scrolls of fog {unknown}
 v - 2 scrolls of remove curse {unknown}
 y - a scroll of random uselessness {unknown}
Potions
 e - 2 potions of flight {unknown}
 h - a potion of cure mutation {unknown}
 j - 2 potions of lignification {unknown}
 l - 2 potions of haste {unknown}
 m - 2 potions of magic {unknown}
 r - a potion of degeneration {unknown}
 s - a potion of heal wounds {unknown}
 u - a potion of mutation {unknown}
 w - a potion of curing {unknown}
 A - 2 potions of brilliance {unknown}
Comestibles
 c - 3 bread rations
 d - 2 meat rations
 o - a royal jelly


   Skills:
 + Level 5.3 Fighting
 + Level 5.9 Axes
 + Level 2.7 Armour
 + Level 3.2 Dodging
 + Level 0.8 Stealth


You had 4 spell levels left.
You didn't know any spells.

Dungeon Overview and Level Annotations

Branches:
Dungeon (4/15)
 Temple: D:4-7

Altars:
Zin

Shops:
D:4 =


Innate Abilities, Weirdness & Mutations

You reflexively headbutt those who attack you in melee.
You have a pair of horns on your head.


Message History

The black bear is heavily wounded.
The black bear bites you. The black bear claws you.
* * * LOW HITPOINT WARNING * * *
The black bear claws you.
* * * LOW HITPOINT WARNING * * *
You hit the black bear.
The black bear is severely wounded.
The black bear bites you.
* * * LOW HITPOINT WARNING * * *
The black bear misses you. The black bear completely misses you.
You hit the black bear but do no damage.
The black bear is severely wounded.
The black bear goes berserk!
You hit the black bear. Your headbutt misses the black bear.
The black bear is almost dead.
The black bear bites you!
* * * LOW HITPOINT WARNING * * *
The black bear barely misses you. The black bear closely misses you.
The black bear bites you.
You die...

#......##
##...
#.....##
##....
#.....#
#.....
##....##
#.....
###...#.##
##..... ##
##...####.##
#......
.######...##
##.##
#......
....##..###
###..##
#......
......)##
#..@..#
#......
......##
#...h.....#
#......
......#
#..........#
#......
....###
##......#.##
###...^
#####
##..######
####. ### ##


You could see a black bear (berserk).

Vanquished Creatures
  An orc priest (D:4)
  An orc wizard (D:3)
  A worker ant (D:4)
  A hound skeleton (D:4)
  3 gnolls (D:3)
  3 adders
  An ooze (D:3)
  3 worms
  A dart slug (D:2)
  2 leopard geckos (D:2)
  11 orcs
  2 ball pythons
  6 bats
  3 giant cockroaches
  2 goblins
  5 hobgoblins
  4 jackals (D:3)
  A quokka (D:3)
  3 frilled lizards
  6 kobolds
  5 rats
65 creatures vanquished.

Vanquished Creatures (others)
  An adder skeleton (D:4)
1 creature vanquished.

Grand Total: 66 creatures vanquished

Notes
Turn   | Place    | Note
-------+----------+-------------------------------------------
     0 | D:1      | polly the Minotaur Berserker began the quest for the Orb.
     0 | D:1      | Reached XP level 1. HP: 19/19 MP: 0/0
   184 | D:1      | Reached XP level 2. HP: 27/27 MP: 1/1
   727 | D:2      | Reached ** piety under Trog
   745 | D:2      | Reached XP level 3. HP: 26/34 MP: 2/2
  1082 | D:2      | Found a glowing silver altar of Zin.
  1180 | D:3      | Reached XP level 4. HP: 3/41 MP: 3/3
  1471 | D:3      | Reached skill level 5 in Fighting
  1475 | D:3      | HP: 2/42 [gnoll/halberd (7)]
  1788 | D:3      | Reached skill level 5 in Axes
  2261 | D:3      | Reached XP level 5. HP: 48/48 MP: 4/4
  2923 | D:4      | Found Reoruc's Jewellery Shoppe.
  3063 | D:4      | Reached *** piety under Trog
  3087 | D:4      | Noticed a black bear
  3095 | D:4      | HP: 1/48 [black bear (10)]
  3095 | D:4      | Slain by a black bear

Vault maps used:
D:1:      dpeg_arrival_short_road, minivault_4
D:2:      zin_statuary, first_bread
D:4:      serial_shops, shop, lemuel_flame_loot_1

Skill      XL: |  1  2  3  4  5 |
---------------+----------------+-----
Fighting       | 4 5 |  5.3
Axes           | 4 5 |  5.9
Dodging        | 3 |  3.2
Armour         | |  2.7
Stealth        | |  0.8

Action                   |  1- 3 |  4- 6 || total
-------------------------+-------+-------++-------
Melee: Hand axe          |    63 |    89 ||   152
       Headbutt          |     9 |    18 ||    27
  Eat: Chunk             |       |     7 ||     7
Armor: Animal skin       |    16 |    14 ||    30
Dodge: Dodged            |    53 |    68 ||   121
